 Dungeon Crawl Stone Soup version bcrawl-1.20.1-3-gdcb1fc31ed (webtiles) character file.

Game seed: 12505361789233115656

9 MisterOstroum the Sneak (level 2, -2/24 (25) HPs)
             Began as a Ghoul Sloth Apostle on Feb 2, 2020.
             Was an Initiate of Cheibriados.
             Slain by a leopard gecko (3 damage)
             ... on level 1 of the Dungeon.
             The game lasted 00:01:01 (713 turns).

MisterOstroum the Sneak (Ghoul Sloth Apostle)        Turns: 713, Time: 00:01:02

HP:   -2/24 (25)    AC:  2    Str: 16    XL:     2   Next: 16%
MP:   2/2           EV:  8    Int:  8    God:    Cheibriados [......]
Gold: 55            SH:  7    Dex:  9    Spells: 2/3 levels left

rFire    . . .     SeeInvis .   f - +2 spear (distort)
rCold    + . .     Gourm    .   c - +0 shield
rNeg     + + +     Faith    .   b - +0 robe
rPois    ∞         Spirit   .   (no helmet)
rElec    .         Reflect  .   (no cloak)
rCorr    .         Harm     .   (no gloves)
MR       .....                  (no boots)
Stlth    ++........             (no amulet)
HPRegen  0.00/turn              (no ring)
MPRegen  0.08/turn              (no ring)

@: rotting, slow
A: rotting body, claws 1, carnivore, cold resistance 1, negative energy
resistance 3, inhibited regeneration, torment resistance, unbreathing
a: Bend Time, Renounce Religion


You were on level 1 of the Dungeon.
You worshipped Cheibriados.
Cheibriados was noncommittal.
You were not hungry.

You visited 1 branch of the dungeon, and saw 1 of its levels.

You collected 55 gold pieces.

Inventory:

Hand Weapons
 a - a +0 hand axe
 e - a +0 dagger
 f - a +2 spear of distortion (weapon)
Armour
 b - a +0 robe (worn)
 c - a +0 shield (worn)
Wands
 d - a wand of paralysis (10)
Potions
 g - a potion of brilliance {unknown}


   Skills:
 * Level 2.6 Fighting
 - Level 1.8 Axes
 * Level 4.0 Stealth
 - Level 1.7 Shields
 - Level 1.0 Spellcasting
 - Level 0.7 Hexes
 + Level 0.0 Invocations
 - Level 0.8 Evocations


You had 2 spell levels left.
You knew the following spells:

 Your Spells              Type           Power        Failure   Level  Hunger
a - Slow                  Hex            #.......     86%         1    ##.....
Your spell library was empty.

Dungeon Overview and Level Annotations

Branches:
Dungeon (1/12)

Altars:


Innate Abilities, Weirdness & Mutations

Your body is rotting away.
You thrive on raw meat.
You are immune to poison.
You have sharp fingernails.
You are carnivorous and can eat meat at any time.
Your flesh is cold resistant. (rC+)
You are immune to negative energy. (rN+++)
You do not regenerate when monsters are visible.
You are immune to unholy pain and torment.
You can survive without breathing.


Message History

There is an open door here.
g - a metallic sapphire potion A kobold comes into view.
The helpless kobold fails to defend itself.
You puncture the kobold!
You kill the kobold!
Cheibriados appreciates the change of pace.
No target in view!
No target in view!
No target in view!
No target in view!
No target in view!
No target in view!
No target in view!
No target in view!
No target in view!
As you open the door, it creaks loudly!
There is an open door here.
You open the door.
There is an open door here. 2 leopard geckos come into view.
There are monsters nearby!
Found a stone staircase leading down.
You block the leopard gecko's attack.
You completely miss the leopard gecko. You block the leopard gecko's attack.
You hit the leopard gecko.
The leopard gecko is heavily wounded.
The leopard gecko bites you. x2
You closely miss the leopard gecko.
The leopard gecko is heavily wounded.
You block the leopard gecko's attack.
You hit the leopard gecko.
The leopard gecko is severely wounded.
The leopard gecko barely misses you.
You hit the leopard gecko but do no damage.
The leopard gecko is severely wounded.
The leopard gecko bites you.
The leopard gecko bites you but does no damage.
You are too injured to fight recklessly!
You are too injured to fight recklessly!
You are too injured to fight recklessly!
You are too injured to fight recklessly!
You are too injured to fight recklessly!
You are too injured to fight recklessly!
You are too injured to fight recklessly!
You are too injured to fight recklessly!
You are too injured to fight recklessly!
You are too injured to fight recklessly!
You are too injured to fight recklessly!
You are too injured to fight recklessly!
You are too injured to fight recklessly!
You are too injured to fight recklessly!
You are too injured to fight recklessly!
You are too injured to fight recklessly!
You are too injured to fight recklessly!
You are too injured to fight recklessly!
You are too injured to fight recklessly!
You are too injured to fight recklessly!
You are too injured to fight recklessly!
You are too injured to fight recklessly!
You aren't carrying any food.
Unknown command.
The leopard gecko bites you.
You hit the leopard gecko but do no damage.
The leopard gecko is severely wounded.
You block the leopard gecko's attack.
You completely miss the leopard gecko.
The leopard gecko is severely wounded.
The leopard gecko bites you.
You closely miss the leopard gecko.
The leopard gecko is severely wounded.
The leopard gecko bites you.
* * * LOW HITPOINT WARNING * * *
You miss the leopard gecko. The leopard gecko misses you.
The leopard gecko barely misses you.
Wield which item (- for none, * to show all)? (? for menu, Esc to quit)
Okay, then.
Okay, then.
Okay, then.
Unknown command.
Wield which item (- for none, * to show all)? (? for menu, Esc to quit)
Space warps around you for a moment!
f - a +2 spear of distortion (weapon)
You closely miss the leopard gecko.
The leopard gecko bites you but does no damage.
The leopard gecko closely misses you.
Attack whom?
Press: ? - help, Dir - move target cursor, f - leopard gecko
Aim: a leopard gecko (clinging)
You hit the leopard gecko.
Space bends around the leopard gecko.
The leopard gecko is moderately wounded.
The leopard gecko bites you.
* * * LOW HITPOINT WARNING * * *
Attack whom?
Press: ? - help, Dir - move target cursor, f/p - leopard gecko
Aim: a leopard gecko (moderately wounded, clinging)
You barely miss the leopard gecko.
The leopard gecko is moderately wounded.
The leopard gecko bites you.
You die...

#...........# #.#
######......# ...
#......# #.. #.#.#
#......# #...#.#.#
#......# #...#>#.#
#.#'#### ##...#.#.##. ###
#.#.# ....l#.#.##. ..#
#.#.# ##....#@##.#..
#.#.#
#.....#l##.#.####.#)#
#......l##........#.#
#............##.###.####
+.......###.###.###.....
##+####.#.'.....+.######
#.......#.#######.#.####
....####......#....'.....
. #.#.#######.#.....


You could see 2 leopard geckos.

Vanquished Creatures
  A dart slug (D:1)
  3 goblins (D:1)
  A hobgoblin (D:1)
  A frilled lizard (D:1)
  A kobold (D:1)
7 creatures vanquished.

Notes
Turn   | Place    | Note
-------+----------+-------------------------------------------
     0 | D:1      | MisterOstroum the Ghoul Sloth Apostle began the quest for
                  | the Orb.
     0 | D:1      | Reached XP level 1. HP: 17/17 MP: 1/1
   100 | D:1      | Reached XP level 2. HP: 16/25 MP: 2/2
   552 | D:1      | Reached skill level 4 in Stealth
   712 | D:1      | HP: 1/24 [leopard gecko (3)]
   713 | D:1      | Slain by a leopard gecko

Skill      XL: |  1  2 |
---------------+-------+-----
Stealth        | 4 |  4.0
Fighting       | |  2.6
Axes           | |  1.8
Shields        | |  1.7
Spellcasting   | |  1.0
Hexes          | |  0.7
Evocations     | |  0.8

Action                   || total
-------------------------++-------
Melee: Dagger            ||    33
       Hand axe          ||     2
       Spear             ||     3
 Stab: Sleeping          ||     4
Armor: Robe              ||     4
Dodge: Dodged            ||    13
Block: Shield            ||     7
